 Dungeon Crawl Stone Soup version 0.18-a0-316-gf882de5 (console) character file.

45 endege the Sneak (level 3, 0/23 HPs)
             Began as a Kobold Assassin on Nov 27, 2015.
             Succumbed to an adder's poison
             ... on level 2 of the Dungeon.
             The game lasted 00:01:21 (935 turns).

endege the Sneak (Kobold Assassin)                   Turns: 935, Time: 00:01:21

Health: 0/23       AC:  3    Str:  9    XL:     3   Next: 90%
Magic:  3/3        EV: 14    Int:  9    God:
Gold:   27         SH:  0    Dex: 18    Spells: 0 memorised, 2 levels left

rFire  . . .     SeeInvis .     Y - +0 mace
rCold  . . .     Clarity  .     c - +0 robe
rNeg   . . .     SustAt   .     (shield restricted)
rPois  .         Gourm    .     (no helmet)
rElec  .         Spirit   .     d - +0 cloak
rCorr  .         Warding  .     (no gloves)
rMut   .         Stasis   .     (no boots)
MR     .....                    (no amulet)
Stlth  +++.......               (no ring)
                                (no ring)

@: lethally poisoned (0 -> -5), not resistant to hostile enchantments, fairly
stealthy
A: carnivore 3
a: no special abilities


You were on level 2 of the Dungeon.
You were very full.

You visited 1 branch of the dungeon, and saw 2 of its levels.

You collected 27 gold pieces.


Innate Abilities, Weirdness & Mutations

You are small and have problems with some larger weapons.
You are carnivorous and can eat meat at any time.


   Skills:
 - Level 3.2 Fighting
   Level 2.6 Short Blades
 + Level 2.2 Maces & Flails
 - Level 2.1 Throwing
 - Level 1.2 Dodging
 - Level 5.3 Stealth


You had 2 spell levels left.
You didn't know any spells.

Inventory:

Hand Weapons
 Y - a +0 mace (weapon)
Armour
 c - a +0 robe (worn)
 d - a +0 cloak (worn)
Potions
 b - a potion of haste {unknown}
 j - a potion of might {unknown}
Comestibles
 g - a meat ration
 k - a slice of pizza

Dungeon Overview and Level Annotations

Branches:
Dungeon (2/15)

Altars:


Message History

You hit the adder but do no damage.
The adder is heavily wounded.
* * * LOW HITPOINT WARNING * * *
You feel sick. The adder misses you. The adder barely misses you.
You sock the adder!
You kill the adder!
Your Maces & Flails skill increases to level 2!
* * * LOW HITPOINT WARNING * * *
You feel sick.
* * * LOW HITPOINT WARNING * * *
You feel sick.
* * * LOW HITPOINT WARNING * * *
You feel sick.
* * * LOW HITPOINT WARNING * * *
You feel sick.
* * * LOW HITPOINT WARNING * * *
You feel sick.
* * * LOW HITPOINT WARNING * * *
You feel sick.
You die...

...>...#.. .
...[..... .
......... .###
.?....... ...
........##.#
...........##
#...........#
#.$!...<@)..#
............#
...#............
. #............
#............
#............
#..........##
#..........#


There were no monsters in sight!

Vanquished Creatures
  A gnoll (D:1)
  An adder (D:2)
  An ooze (D:1)
  5 bats (D:1)
  2 goblins (D:1)
  2 hobgoblins (D:1)
  2 jackals (D:1)
  5 kobolds
  A rat (D:1)
20 creatures vanquished.

Notes
Turn   | Place    | Note
--------------------------------------------------------------
     0 | D:1      | endege the Kobold Assassin began the quest for the Orb.
     0 | D:1      | Reached XP level 1. HP: 12/12 MP: 1/1
     0 | D:1      | 0 ||| counter = 35
     0 | D:1      | 0 ||| DROPPING +0 blowgun.
    82 | D:1      | Reached XP level 2. HP: 12/18 MP: 2/2
   173 | D:1      | Reached skill level 3 in Fighting
   357 | D:1      | 357 ||| UPGRADING to club.
   358 | D:1      | 358 ||| DROPPING +2 dagger.
   450 | D:1      | 450 ||| UPGRADING to mace.
   451 | D:1      | 451 ||| DROPPING +0 club.
   594 | D:1      | Reached skill level 1 in Maces & Flails
   594 | D:1      | Reached XP level 3. HP: 18/23 MP: 3/3
   665 | D:1      | 665 ||| Stepping ~*~*~tactically~*~*~ (outnumbered).
   666 | D:1      | 666 ||| Stepping ~*~*~tactically~*~*~ (outnumbered).
   667 | D:1      | 667 ||| Stepping ~*~*~tactically~*~*~ (outnumbered).
   669 | D:1      | 669 ||| Stepping ~*~*~tactically~*~*~ (outnumbered).
   670 | D:1      | 670 ||| Stepping ~*~*~tactically~*~*~ (outnumbered).
   864 | D:1      | 864 ||| READING scroll labeled ZYRUPO AZA UZIYST.
   865 | D:1      | 865 ||| DROPPING 8 poisoned needles.
   866 | D:1      | 866 ||| DROPPING 2 curare-tipped needles.
   925 | D:2      | HP: 5/23 [poisoned by an adder]
   930 | D:2      | HP: 2/23 [poisoned by an adder]
   935 | D:2      | Succumbed to an adder's poison

Vault maps used:
D:1:      saegor_arrival_simple_f
D:2:      kiku_gazebo_pond_becter, minitemple, first_bread

Action                   || total
-------------------------++-------
Melee: Dagger            ||    32
       Club              ||    14
       Mace              ||    50
  Use: Scroll            ||     1
  Eat: Chunk             ||     8
